AoeStats
← gavinlouuu

Arena

509854907Analyzed
2v2 RM · 5d ago on Sep 28, 2026· 38m 14s· 4 players
Game mode
Random Map
Map size
Medium (4 player)
Population
200
Speed
Normal
Resources
Standard
Victory
Conquest
Starting age
Dark Age
Ending age
Imperial Age
RankedLock teamsTeams togetherTeam positionsShared explorationLock speedFull tech treeHidden civsTurbo modeCheats
Victory
Defeat
1088
+12
🇨🇳 Burgundians · China
986
+16
🇭🇰 Magyars · Hong Kong SAR China
1000
-42
1000
-42
Santa's Dick on Steroids <3 8==D
13:26 Feudal Age
12:42 Loom
18:57 Castle Age
21:14 Light Cavalry
22:06 Forging
22:39 Scale Barding Armor
25:41 Husbandry
26:17 Iron Casting
25:33 Fletching
26:44 Double-Bit Axe
26:53 Stone Mining
26:54 Gold Mining
27:52 Squires
27:37 Gambesons
27:38 Arson
27:58 Scale Mail Armor
33:54 Imperial Age
31:40 Bow Saw
32:09 Wheelbarrow
31:20 Town Watch
32:15 Gold Shaft Mining
32:28 Chain Barding Armor
34:39 Chain Mail Armor
34:19 Bodkin Arrow
33:49 Pikeman
35:35 Blast Furnace
35:07 Hand Cart
34:53 Town Patrol
36:43 Plate Barding Armor
36:40 Conscription
gavinlouuu
9:31 Loom
11:33 Feudal Age
12:14 Double-Bit Axe
12:22 Horse Collar
13:24 Wheelbarrow
13:53 Loom
19:27 Castle Age
19:17 Bloodlines
21:25 Bow Saw
21:16 Light Cavalry
23:06 Scale Barding Armor
24:43 Hand Cart
29:12 Stone Mining
36:45 Ballistics
39:03 Imperial Age
kkkg
3:36 Double-Bit Axe
8:53 Horse Collar
12:56 Feudal Age
14:24 Bow Saw
16:58 Castle Age
15:50 Heavy Plow
19:31 Two-Man Saw
19:18 Wheelbarrow
22:33 Husbandry
22:15 Light Cavalry
26:10 Hand Cart
26:19 Gold Mining
26:19 Stone Mining
26:39 Loom
26:40 Town Watch
27:37 Gold Shaft Mining
27:38 Crop Rotation
30:59 Imperial Age
29:23 Stone Shaft Mining
29:31 Treadmill Crane
30:12 Ballistics
30:03 Masonry
30:56 Town Patrol
31:05 Padded Archer Armor
30:56 Fletching
31:17 Forging
31:12 Scale Barding Armor
31:46 Bodkin Arrow
32:06 Leather Archer Armor
33:08 Chemistry
32:39 Architecture
33:04 Iron Casting
32:52 Chain Barding Armor
33:11 Burgundian Vineyards
33:27 Conscription
32:29 Elite Coustillier
这是我的弟弟约翰
10:13 Feudal Age
14:07 Castle Age
12:06 Double-Bit Axe
12:22 Horse Collar
20:08 Bow Saw
23:35 Wheelbarrow
23:01 Heavy Plow
28:06 Imperial Age
25:46 Stone Mining
25:47 Gold Mining
27:15 Hand Cart
27:37 Squires
26:58 Elite Skirmisher
30:04 Chemistry
28:51 Arrowslits
29:10 Fletching
29:30 Forging
28:51 Pikeman
31:16 Two-Man Saw
29:50 Halberdier
32:05 Town Watch
32:06 Loom
33:56 Bodkin Arrow
34:47 Iron Casting
34:13 Scale Mail Armor
35:12 Town Patrol
35:23 Siege Engineers
37:21 Ironclad
36:22 Elite Teutonic Knight
38:27 Crop Rotation
37:27 Onager
37:27 Heavy Scorpion
38:59 Conscription
38:59 Crenellations
Connection lost

Rejoining the realm…

Still unreachable

The connection could not be restored.

Session expired

The server has moved on; the page needs a fresh start.